 Dungeon Crawl Stone Soup version 0.29-a0-1027-gcd8c55af63 (webtiles) character file.

Game seed: 1918768504461356971

165221 freelancePsychic the Warrior (level 17, -27/168 HPs)
             Began as a Minotaur Wanderer on Aug 13, 2022.
             Was the Champion of Okawaru.
             Annihilated by a white very ugly thing (47 damage)
             ... on level 3 of the Abyss.
             The game lasted 00:49:59 (32516 turns).

freelancePsychic the Warrior (Minotaur Wanderer)   Turns: 32516, Time: 00:50:00

Health: -27/168    AC: 31    Str: 21    XL:     17   Next: 27%
Magic:  24/24      EV:  8    Int:  8    God:    Okawaru [******]
Gold:   1721       SH: 18    Dex: 13    Spells: 16/16 levels left

rFire   + . .      SeeInvis .   a - +10 broad axe "Qigouxax" {spect, rElec rN+ Int+3 Dex-5}
rCold   . . .      Faith    .   W - +0 kite shield
rNeg    + . .      Spirit   .   n - +4 chain mail {rF+}
rPois   .          Reflect  +   H - +1 hat
rElec   +          Harm     .   t - +0 cloak
rCorr   +          Rampage  ∞   N - +2 pair of gloves {Stlth+}
Will    +....                   F - +3 pair of seven-league boots {Rampage+∞}
Stlth   ..........              M - amulet of reflection
HPRegen 0.38/turn               m - ring of resist corrosion
MPRegen 0.19/turn               V - +4 ring of protection

@: no status effects
A: horns 2, retaliatory headbutt
a: Renounce Religion, Heroism, Finesse, Duel


You were on level 3 of the Abyss.
You worshipped Okawaru.
Okawaru was exalted by your worship.
You visited 5 branches of the dungeon, and saw 26 of its levels.
You visited the Abyss 1 time.
You also visited: Gauntlet.

You collected 3182 gold pieces.
You spent 1461 gold pieces at shops.

Inventory:

Hand Weapons
 a - the +10 broad axe "Qigouxax" (weapon) {spect, rElec rN+ Int+3 Dex-5}
   (Okawaru gifted it to you on level 1 of the Elven Halls)

   When its wielder attacks, the weapon's spirit leaps out and strikes again.
   The spirit shares a part of any damage it takes with its wielder.
   Int:       It affects your intelligence (+3).
   Dex:       It affects your dexterity (-5).
   rElec:     It insulates you from electricity.
   rN:        It protects you from negative energy.
 b - the +5 broad axe "Yzxayr" {antimagic, +Blink rC+ Str+3}
   (Okawaru gifted it to you on level 15 of the Dungeon)

   It reduces the magical energy of the wielder, and disrupts the spells and
   magical abilities of those it strikes.
   Natural abilities and divine invocations are not affected.
   Str:       It affects your strength (+3).
   rC:        It protects you from cold.
   +Blink:    It lets you blink.
Missiles
 i - 8 javelins
 l - 9 curare-tipped darts
 q - 25 boomerangs (quivered)
 B - 8 silver javelins
 C - 4 throwing nets
 L - 7 silver boomerangs
 U - 35 poisoned darts
Armour
 n - a +4 chain mail of fire resistance (worn)
 t - a +0 cloak (worn)
 F - the +3 pair of seven-league boots (worn) {Rampage+∞}
   (You bought it in a shop on level 9 of the Dungeon)

   Its wearer moves as far as possible in that direction when moving towards
   enemies.
 H - a +1 hat (worn)
 N - a +2 pair of gloves of stealth (worn)
 W - a +0 kite shield (worn)
Jewellery
 h - a ring of fire
 m - a ring of resist corrosion (left hand)
 K - a ring of ice
 M - an amulet of reflection (around neck)
 V - a +4 ring of protection (right hand)
 X - the ring "Istieg" {Ice rPois Str-5 Int+7 Slay+5}
   (You took it off a deep elf annihilator on level 3 of the Elven Halls)

   [ring of ice]

   It enhances your ice magic.
   Str:       It affects your strength (-5).
   Int:       It affects your intelligence (+7).
   Slay:      It affects your accuracy & damage with ranged weapons and melee
   (+5).
   rF:        It makes you vulnerable to fire.
   rC:        It protects you from cold.
   rPois:     It protects you from poison.
 Z - the ring of Uskayaw's Displeasure {*Slow rPois MP+9 Dex+7}
   (You took it off a deep elf demonologist on level 3 of the Elven Halls)

   [ring of magical power]

   Dex:       It affects your dexterity (+7).
   rPois:     It protects you from poison.
   MP:        It affects your magic capacity (+9).
   *Slow:     It may slow you when you take damage.
Wands
 f - a wand of quicksilver (6)
 D - a wand of flame (26)
 P - a wand of roots (8)
Scrolls
 c - a scroll of enchant armour
 e - 8 scrolls of teleportation {@r4}
 j - 6 scrolls of enchant weapon
 k - 5 scrolls of poison
 o - 7 scrolls of vulnerability
 p - a scroll of silence
 s - 8 scrolls of immolation
 w - 4 scrolls of torment
 x - a scroll of fog
 y - 6 scrolls of amnesia
 G - 7 scrolls of fear
 O - a scroll of blinking
Potions
 g - 2 potions of invisibility
 r - a potion of attraction
 u - 9 potions of curing {@q1}
 v - 3 potions of cancellation
 z - a potion of experience {unknown}
 A - 2 potions of berserk rage
 E - a potion of might {unknown}
 I - 5 potions of flight
 J - a potion of mutation {unknown}
 R - 4 potions of haste {@q3}
 S - a potion of ambrosia {unknown}
 T - 2 potions of magic
Miscellaneous
 Y - a condenser vane


   Skills:
 + Level 19.6 Fighting
 - Level 18.0 Axes
 - Level 11.0 Throwing
 + Level 12.7 Armour
 - Level 2.1 Dodging
 + Level 14.1 Shields
 - Level 11.0 Invocations
 + Level 8.1 Evocations


You had 16 spell levels left.
You didn't know any spells.
Your spell library contained the following spells:

 Spells                   Type           Power      Damage    Failure   Level
 Magic Dart               Conj           0%         1d3       99%         1
 Shock                    Conj/Air       0%         1d3       99%         1
 Sting                    Tmut/Pois      0%         1d3       99%         1
 Poisonous Vapours        Pois/Air       0%         N/A       100%        2
 Gell's Gravitas          Tloc           0%         N/A       100%        3
 Lesser Beckoning         Tloc           0%         N/A       100%        3
 Mephitic Cloud           Conj/Pois/Air  0%         N/A       100%        3
 Teleport Other           Tloc           0%         N/A       100%        3
 Hailstorm                Conj/Ice       0%         3d3       100%        4
 Ice Form                 Ice/Tmut       0%         N/A       100%        4
 Olgreb's Toxic Radiance  Pois           0%         N/A       100%        4
 Passage of Golubria      Tloc           0%         N/A       100%        4
 Alistair's Intoxication  Tmut/Pois      0%         N/A       100%        5
 Blade Hands              Tmut           0%         N/A       100%        5
 Borgnjor's Vile Clutch   Necr/Erth      0%         N/A       100%        5
 Fireball                 Conj/Fire      0%         3d3       100%        5
 Irradiate                Conj/Tmut      0%         3d11      100%        5
 Silence                  Hex/Air        0%         N/A       100%        5
 Eringya's Noxious Bog    Tmut/Pois      0%         N/A       100%        6
 Starburst                Conj/Fire      0%         6d3       100%        6
 Dragon Form              Tmut           0%         N/A       100%        7
 Ignition                 Fire           0%         3d3       100%        8
 Lehudib's Crystal Spear  Conj/Erth      0%         10d2      100%        8
 Call Imp                 Summ           Unusable   N/A       N/A         2
 Summon Lightning Spire   Summ/Air       Unusable   N/A       N/A         4
 Simulacrum               Ice/Necr       Unusable   N/A       N/A         6

Dungeon Overview and Level Annotations

Branches:
Dungeon (15/15)            Temple (1/1) D:4            Lair (5/5) D:8
  Swamp (0/4) Lair:3       Spider (0/4) Lair:2        Slime (0/5) Lair:4
    Orc (2/2) D:9             Elf (3/3) Orc:2        Vaults (0/5) D:14
Gauntlet (visited)
 Depths: D:15

Altars:
Ashenzari
Cheibriados
Dithmenos
Elyvilon
Hepliaklqana
Kikubaaqudgha
Nemelex Xobeh
Okawaru
Ru
Sif Muna
Trog
Wu Jian
Yredelemnul
Zin
Jiyva

Shops:
D:9 [(   Orc:2 :(((   Elf:1 *

Portals:
Bazaar: Elf:3

Annotations:
D:3 1 runed translucent door, drugrobin's ghost, amateur DgFi
D:15 Rupert
Orc:2 3 runed translucent doors, Zerkas's ghost, journeyman HOFi
Elf:2 5 runed translucent doors


Innate Abilities, Weirdness & Mutations

You have a pair of horns on your head.
You reflexively headbutt those who attack you in melee.


Message History

You start resting.
You are suddenly pulled into a different region of the Abyss!
You start resting.
A white ugly thing comes into view.
You stride towards the white ugly thing!
A white very ugly thing and 2 white ugly things come into view.
Found a snail-covered altar of Cheibriados.
You closely miss the white ugly thing.
Your +10 broad axe "Qigouxax" {spect, rElec rN+ Int+3 Dex-5} hits the white ugly thing!!
The white very ugly thing gurgles horribly!
The white ugly thing gurgles horribly! x2
The white ugly thing engulfs you! The white ugly thing freezes you!
You slice the white ugly thing!! You headbutt the white ugly thing!
The white ugly thing is almost dead.
Your +10 broad axe "Qigouxax" {spect, rElec rN+ Int+3 Dex-5} hits the white ugly thing!
You kill the white ugly thing!
Okawaru accepts your kill.
The white ugly thing basks in the mutagenic energy from its kin and changes!
You block the white very ugly thing's attack.
You block the white ugly thing's attack.
You hit the white ugly thing.
The white ugly thing is lightly wounded.
You hit the purple ugly thing.
You barely miss the white very ugly thing.
You slash the white ugly thing!
The white ugly thing is lightly wounded.
You slice the purple ugly thing!! You slash the white very ugly thing!
The white very ugly thing claws you.
The white very ugly thing freezes you!!!
The white ugly thing kicks you. The white ugly thing freezes you!!
* * * LOW HITPOINT WARNING * * *
The purple ugly thing attacks as you move away!
The purple ugly thing tail-slaps you!
* * * LOW HITPOINT WARNING * * *
You slice the white very ugly thing!!
The white very ugly thing is heavily wounded.
The white very ugly thing claws you!
* * * LOW HITPOINT WARNING * * *
The white very ugly thing freezes you!!!
You die...

.. . #. .#
#### .#
...
#.##.##
#.#...#
#.@#++#..#
#.#uu.._.#
##§.....##
+......+
+......+
#......#
.#....#.#
..#++#..#
### ###


You could see a white very ugly thing and a white ugly thing.

Vanquished Creatures
  Saint Roka (Elf:3)
  Zenata (Elf:3)
  A deep elf master archer (Elf:3)
  Kirke (Lair:5)
  A tentacled starspawn (Abyss:3)
  4 deep elf sorcerers (Elf:3)
  4 deep elf elementalists (Elf:3)
  4 deep elf demonologists
  5 deep elf annihilators (Elf:3)
  A minotaur (Gauntlet)
  6 deep elf death magi
  Josephine (Lair:3)
  A fire dragon (Lair:5)
  2 deep elf high priests
  2 jiangshi (Abyss:3)
  A rakshasa (D:14)
  6 hydras
  3 boulder beetles
  3 centaur warriors
  19 dancing weapons
  3 two-headed ogres
  16 death yaks
  A vampire mage (Abyss:3)
  2 orc high priests (Orc:2)
  11 deep elf knights
  A soul eater (Gauntlet)
  A wretched star (Abyss:3)
  A fire crab (Lair:5)
  A bog body (Lair:3)
  6 deep elf archers
  An orange crystal statue (Gauntlet)
  A harpy (shapeshifter) (Elf:2)
  24 deep elf pyromancers
  3 orc knights (Orc:2)
  26 deep elf zephyrmancers
  13 ugly things
  3 orc sorcerers
  A worldbinder (Abyss:3)
  An oklob plant (Lair:5)
  A wolf spider (Lair:4)
  2 manticores
  A cyclops (Orc:1)
  2 smoke demons (Abyss:3)
  Joseph (Lair:1)
  2 molten gargoyles (Lair:5)
  18 elephants
  A titan simulacrum (Abyss:3)
  An apocalypse crab (Abyss:3)
  7 black mambas
  An ice statue (Elf:3)
  7 cane toads
  2 gargoyles (D:12)
  3 kobold demonologists
  3 rime drakes
  An efreet (D:14)
  12 komodo dragons
  5 yaktaurs (D:15)
  An ancient zyme (Abyss:3)
  4 trolls
  A polar bear (shapeshifter) (Elf:2)
  A hornet (D:10)
  2 polar bears
  6 raiju (Abyss:3)
  6 slime creatures
  28 blink frogs
  5 large abominations (Abyss:3)
  An air elemental (Elf:3)
  4 starcursed masses (Abyss:3)
  3 water elementals
  A ynoxinul (Abyss:3)
  4 culicivoras (Lair:2)
  4 flying skulls (Gauntlet)
  A jumping spider (Lair:2)
  9 wyverns
  6 wraiths
  2 vampires
  A hog (Lair:5)
  73 yaks
  2 fire elementals
  2 neqoxecs (Abyss:3)
  8 basilisks
  2 humans (Lair:5)
  4 redbacks (Lair:2)
  5 steam dragons
  17 vampire mosquitoes
  2 wargs (Orc:2)
  7 water moccasins
  Duvessa (D:5)
  A floating eye (shapeshifter) (D:13)
  4 hell hounds (Lair:5)
  2 ice beasts
  2 black bears
  41 orc warriors
  2 small abominations (Abyss:3)
  4 ogres
  3 boggarts (D:10)
  17 centaurs
  13 wolves
  2 phantoms
  5 kobold brigands
  12 bullfrogs
  2 necrophages (D:6)
  3 scorpions
  An earth elemental (Elf:2)
  11 wights
  Dowan (D:5)
  4 killer bees (D:9)
  2 howler monkeys (D:12)
  4 electric eels
  5 lava snakes (Lair:5)
  3 jellies
  5 hounds
  An iron imp (D:8)
  13 orc priests
  3 gnoll boudas (D:7)
  6 iguanas
  21 orc wizards
  10 hell rats (Lair:3)
  21 gnolls
  7 adders
  14 river rats (Lair:3)
  6 shadow imps
  2 white imps
  2 ufetubi
  A dart slug (D:5)
  76 orcs
  2 endoplasms
  2 giant cockroaches (D:3)
  7 goblins
  6 hobgoblins
  4 jackals (D:1)
  7 quokkas
  6 ball pythons
  4 bats
  3 frilled lizards
  19 kobolds
  13 rats
871 creatures vanquished.

Vanquished Creatures (others)
  A deep elf pyromancer (Elf:2)
  A wight (D:8)
  An orc wizard (Orc:1)
  29 fungi
  33 plants
  5 starspawn tentacles (Abyss:3)
70 creatures vanquished.

Grand Total: 941 creatures vanquished

Notes
Turn   | Place    | Note
-------+----------+-------------------------------------------
     0 | D:1      | freelancePsychic the Minotaur Wanderer began the quest for
                  | the Orb.
     0 | D:1      | freelancePsychic set off with the following items: a +3
                  | hand axe, a +0 scale mail, a scroll of fear.
     0 | D:1      | Reached XP level 1. HP: 18/18 MP: 0/0
   561 | D:1      | Found a faded altar of an unknown god.
   584 | D:1      | Reached XP level 2. HP: 25/25 MP: 1/1
   838 | D:1      | Reached skill level 3 in Fighting
  1366 | D:2      | Reached XP level 3. HP: 31/31 MP: 2/2
  1810 | D:3      | Found a runed translucent door.
  1811 | D:3      | Noticed drugrobin's ghost (amateur DgFi)
  2105 | D:3      | Reached skill level 1 in Throwing
  2105 | D:3      | Reached XP level 4. HP: 31/38 MP: 3/3
  2652 | D:4      | Reached XP level 5. HP: 33/46 MP: 4/4
  2907 | D:4      | Reached skill level 4 in Fighting
  3032 | D:4      | Reached XP level 6. HP: 53/53 MP: 5/5
  3133 | D:4      | Found a staircase to the Ecumenical Temple.
  3156 | Temple   | Entered the Ecumenical Temple
  3196 | Temple   | Became a worshipper of Warmaster Okawaru
  3802 | D:5      | Entered Level 5 of the Dungeon
  3947 | D:5      | Reached skill level 5 in Fighting
  3947 | D:5      | Reached skill level 1 in Invocations
  3947 | D:5      | Reached XP level 7. HP: 41/61 MP: 6/6
  4031 | D:5      | Reached * piety under Okawaru
  4554 | D:5      | Noticed Duvessa
  4554 | D:5      | Noticed Dowan
  4572 | D:5      | Killed Duvessa
  4582 | D:5      | Killed Dowan
  4784 | D:5      | Found an ornate altar of the Wu Jian Council.
  4809 | D:5      | Reached XP level 8. HP: 36/70 MP: 8/8
  5153 | D:6      | Reached skill level 6 in Fighting
  5156 | D:6      | Reached skill level 10 in Axes
  5381 | D:6      | Identified the +2 robe of Recklessness {rElec Slay+4 SInv}
  5691 | D:6      | Reached ** piety under Okawaru
  5907 | D:6      | Found a basalt altar of Yredelemnul.
  5940 | D:6      | Found a bloodstained altar of Trog.
  5941 | D:6      | Found a shadowy altar of Dithmenos.
  6735 | D:7      | Reached skill level 7 in Fighting
  6820 | D:7      | Reached skill level 5 in Throwing
  6820 | D:7      | Reached XP level 9. HP: 79/79 MP: 11/11
  7689 | D:7      | Reached *** piety under Okawaru
  8460 | D:8      | Found a staircase to the Lair.
  8497 | D:8      | Found an ancient bone altar of Kikubaaqudgha.
  8497 | D:8      | Found a broken altar of Ashenzari.
  8595 | D:8      | Reached skill level 8 in Fighting
  8812 | D:8      | Found a snail-covered altar of Cheibriados.
  9633 | D:9      | Reached **** piety under Okawaru
  9640 | D:9      | Reached XP level 10. HP: 67/90 MP: 12/12
  9933 | D:9      | Found Kaot's Armour Shop.
  9935 | D:9      | Found a staircase to the Orcish Mines.
  9952 | D:9      | Found Hiximne's Weapon Shop.
  9986 | D:9      | Bought the +3 pair of seven-league boots {Rampage+∞} for
                  | 480 gold pieces
  9986 | D:9      | Found the +3 pair of seven-league boots {Rampage+∞}
 10005 | D:9      | Noticed a two-headed ogre
 10013 | D:9      | Killed a two-headed ogre
 10014 | D:9      | Reached skill level 9 in Fighting
 10149 | D:9      | Found a shimmering blue altar of Sif Muna.
 10408 | D:10     | Entered Level 10 of the Dungeon
 10580 | D:10     | Noticed a two-headed ogre
 10589 | D:10     | Reached ***** piety under Okawaru
 10657 | D:10     | Received a gift from Okawaru
 10859 | D:10     | Noticed a boulder beetle
 10871 | D:10     | Killed a boulder beetle
 10871 | D:10     | Received a gift from Okawaru
 10872 | D:10     | Reached skill level 10 in Fighting
 11197 | D:11     | Reached XP level 11. HP: 99/100 MP: 11/13
 11236 | D:11     | Found a gate leading to a gauntlet.
 11241 | Gauntlet | Entered a Gauntlet
 11241 | Gauntlet | Found a transporter.
 11241 | Gauntlet | Found a transporter.
 11242 | Gauntlet | Found a transporter.
 11245 | Gauntlet | Found a transporter.
 11245 | Gauntlet | Found a transporter.
 11254 | Gauntlet | Noticed a soul eater
 11255 | Gauntlet | Found a transporter.
 11259 | Gauntlet | Found a transporter.
 11263 | Gauntlet | Noticed a sixfirhy
 11263 | Gauntlet | Noticed a sixfirhy
 11267 | Gauntlet | Noticed a sixfirhy
 11268 | Gauntlet | Noticed an orange crystal statue
 11269 | Gauntlet | Found a transporter.
 11363 | Gauntlet | Found a transporter.
 11375 | Gauntlet | Found a transporter.
 11376 | Gauntlet | Found a transporter.
 11387 | Gauntlet | Found a transporter.
 11453 | Gauntlet | Reached skill level 15 in Axes
 11472 | Gauntlet | Received a gift from Okawaru
 11595 | Gauntlet | Killed a soul eater
 11734 | Gauntlet | Killed an orange crystal statue
 11778 | Gauntlet | Noticed a minotaur
 11786 | Gauntlet | Killed a minotaur
 11795 | Gauntlet | Got the Grimoire of Vapour and the Gathering
 12045 | D:11     | Noticed a boulder beetle
 12057 | D:11     | Killed a boulder beetle
 12445 | D:11     | Reached skill level 11 in Fighting
 12702 | D:11     | Reached skill level 5 in Invocations
 13080 | Lair:1   | Entered Level 1 of the Lair of Beasts
 13096 | Lair:1   | Identified the +5 scale mail of Dikloi {Will+} (Okawaru
                  | gifted it to you on level 1 of the Lair of Beasts)
 13096 | Lair:1   | Received a gift from Okawaru
 13441 | Lair:1   | Noticed Joseph
 13443 | Lair:1   | Noticed a six-headed hydra
 13452 | Lair:1   | Killed a six-headed hydra
 13455 | Lair:1   | Killed Joseph
 13546 | Lair:1   | Reached XP level 12. HP: 102/112 MP: 15/15
 13988 | Lair:2   | Reached skill level 12 in Fighting
 14671 | Lair:2   | Found a hole to the Spider Nest.
 15090 | Lair:2   | Received a gift from Okawaru
 15437 | Orc:1    | Entered Level 1 of the Orcish Mines
 15448 | Orc:1    | Reached ****** piety under Okawaru
 15633 | Orc:1    | Received a gift from Okawaru
 15656 | Orc:1    | Reached skill level 13 in Fighting
 16111 | Orc:2    | Entered Level 2 of the Orcish Mines
 16111 | Orc:2    | Noticed an orc high priest
 16165 | Orc:2    | Found a staircase to the Elven Halls.
 16169 | Orc:2    | Found a runed translucent gate.
 16169 | Orc:2    | Found a runed translucent gate.
 16169 | Orc:2    | Found a runed translucent gate.
 16170 | Orc:2    | Noticed a centaur warrior
 16242 | Orc:2    | Noticed a merfolk javelineer
 16243 | Orc:2    | Noticed Zerkas's ghost (journeyman HOFi)
 16249 | Orc:2    | Noticed an orc high priest
 16262 | Orc:2    | Killed an orc high priest
 16739 | Orc:2    | Killed an orc high priest
 17011 | Orc:2    | Reached XP level 13. HP: 123/123 MP: 18/18
 17031 | Orc:2    | Reached skill level 14 in Fighting
 17531 | Orc:2    | Found Loepaigh's Antique Weapon Boutique.
 17531 | Orc:2    | Found Zeinky's Antique Weapon Shoppe.
 17533 | Orc:2    | Found Udadogol's Book Emporium.
 17535 | Orc:2    | Found Qapar's Antique Weapon Shop.
 17550 | Orc:2    | Bought a pitted broad axe for 225 gold pieces
 17550 | Orc:2    | Identified the +4 broad axe "Dragonslayer" {vorpal, rElec
                  | rN+ Str+4} (You bought it in a shop on level 2 of the
                  | Orcish Mines)
 17551 | Orc:2    | Bought a jewelled morningstar for 270 gold pieces
 17551 | Orc:2    | Identified the +6 morningstar of Terra Nullius {flame,
                  | Will+} (You bought it in a shop on level 2 of the Orcish
                  | Mines)
 17601 | D:9      | Bought a +0 kite shield for 54 gold pieces
 17687 | Lair:3   | Reached skill level 1 in Shields
 17868 | Lair:3   | Found a staircase to the Swamp.
 17872 | Lair:3   | Received a gift from Okawaru
 17906 | Lair:3   | Noticed Josephine
 17917 | Lair:3   | Killed Josephine
 17918 | Lair:3   | Reached skill level 10 in Invocations
 18193 | Lair:3   | You fall into a shaft and drop 1 floor!
 18325 | Lair:3   | Reached skill level 15 in Fighting
 18509 | Lair:3   | Identified the +0 plate armour of the Lost Path {rPois rF+
                  | Int-3} (Okawaru gifted it to you on level 3 of the Lair of
                  | Beasts)
 18509 | Lair:3   | Received a gift from Okawaru
 18526 | Lair:3   | Reached skill level 5 in Shields
 19673 | Lair:4   | Found a viscous altar of Jiyva.
 19673 | Lair:4   | Found a staircase to the Slime Pits.
 19681 | Lair:4   | Reached XP level 14. HP: 136/136 MP: 21/21
 20065 | Lair:5   | Entered Level 5 of the Lair of Beasts
 20416 | Lair:5   | Received a gift from Okawaru
 20439 | Lair:5   | Reached skill level 16 in Fighting
 20443 | Lair:5   | Received a gift from Okawaru
 20454 | Lair:5   | Received a gift from Okawaru
 20715 | Lair:5   | Identified the +1 broad axe of Cup {flame, rF+ Dex+2}
                  | (Okawaru gifted it to you on level 5 of the Lair of Beasts)
 20715 | Lair:5   | Received a gift from Okawaru
 20811 | Lair:5   | Reached skill level 5 in Armour
 20821 | Lair:5   | Reached skill level 10 in Throwing
 21720 | Lair:5   | Received a gift from Okawaru
 22209 | Lair:5   | Identified the -1 pair of boots of Nihilism {Int+4 Dex-2}
                  | (Okawaru gifted it to you on level 5 of the Lair of Beasts)
 22209 | Lair:5   | Received a gift from Okawaru
 22228 | Lair:5   | Noticed Kirke
 22243 | Lair:5   | Killed Kirke
 22244 | Lair:5   | Reached skill level 17 in Fighting
 22244 | Lair:5   | Reached XP level 15. HP: 136/147 MP: 20/22
 22288 | Lair:5   | Found a large runed translucent door.
 22289 | Lair:5   | Found a large runed translucent door.
 23211 | D:9      | Bought a +4 chain mail of fire resistance for 378 gold
                  | pieces
 23427 | D:12     | Reached skill level 1 in Evocations
 24453 | D:13     | Reached skill level 10 in Shields
 25563 | D:14     | Identified the +3 leather armour of Neocukh {Regen+ Int+2}
 25940 | D:14     | Found a gate to the Vaults.
 26214 | D:15     | Entered Level 15 of the Dungeon
 26314 | D:15     | Identified the +5 broad axe "Yzxayr" {antimagic, +Blink rC+
                  | Str+3} (Okawaru gifted it to you on level 15 of the
                  | Dungeon)
 26314 | D:15     | Received a gift from Okawaru
 26467 | D:15     | Found a viscous altar of Jiyva.
 26468 | D:15     | Noticed Rupert
 26636 | Elf:1    | Entered Level 1 of the Elven Halls
 27162 | Elf:1    | Identified the +10 broad axe "Qigouxax" {spect, rElec rN+
                  | Int+3 Dex-5} (Okawaru gifted it to you on level 1 of the
                  | Elven Halls)
 27162 | Elf:1    | Received a gift from Okawaru
 27369 | Elf:1    | Reached skill level 18 in Fighting
 27677 | Elf:1    | Reached skill level 5 in Evocations
 27677 | Elf:1    | Reached XP level 16. HP: 124/157 MP: 7/23
 27821 | Elf:1    | Reached skill level 10 in Armour
 27977 | Elf:1    | Found Gyotegox's General Store.
 27990 | Elf:1    | Bought a scroll of teleportation for 54 gold pieces
 28282 | Elf:2    | Received a gift from Okawaru
 29110 | Elf:2    | Found a huge runed translucent gate.
 29110 | Elf:2    | Found a huge runed translucent gate.
 29110 | Elf:2    | Found a huge runed translucent gate.
 29110 | Elf:2    | Found a huge runed translucent gate.
 29110 | Elf:2    | Found a huge runed translucent gate.
 29721 | Elf:3    | Entered Level 3 of the Elven Halls
 29846 | Elf:3    | Paralysed by an air elemental for 1 turns
 29966 | Elf:3    | Found a gateway to a bazaar.
 30024 | Elf:3    | Noticed Saint Roka
 30035 | Elf:3    | Killed Saint Roka
 30267 | Elf:3    | Identified the +1 pair of boots of the Guava {Fly rElec
                  | Will- Dex+8} (Okawaru gifted it to you on level 3 of the
                  | Elven Halls)
 30267 | Elf:3    | Received a gift from Okawaru
 30280 | Elf:3    | Reached skill level 19 in Fighting
 30675 | Elf:3    | Identified the ring "Istieg" {Ice rPois Str-5 Int+7 Slay+5}
 30856 | Elf:3    | Noticed Zenata
 31071 | Elf:3    | Killed Zenata
 31334 | Elf:3    | Identified the ring of Uskayaw's Displeasure {*Slow rPois
                  | MP+9 Dex+7}
 31447 | Elf:3    | Reached XP level 17. HP: 168/168 MP: 8/24
 31578 | Elf:3    | Noticed a deep elf master archer
 31589 | Elf:3    | Killed a deep elf master archer
 31881 | Elf:3    | Noticed a deep elf blademaster
 31882 | Elf:3    | Noticed a deep elf blademaster
 31893 | Abyss:3  | Cast into level 3 of the Abyss (a deep elf sorcerer)
 31999 | Abyss:3  | Received a gift from Okawaru
 32251 | Abyss:3  | Noticed a tentacled monstrosity
 32282 | Abyss:3  | Paralysed by accursed screaming for 1 turns
 32287 | Abyss:3  | Found an iron altar of Okawaru.
 32510 | Abyss:3  | Found a snail-covered altar of Cheibriados.
 32516 | Abyss:3  | Annihilated by a white very ugly thing

Illustrated notes

Levels and vault maps discovered:
D:1:      wheals_arrival_shading, layout_basic, ebering_ecumenical_altar_mist,
          nrook_mini_vaults
D:2:      layout_basic
D:3:      layout_loops_ring, hellmonk_ghost_happy_afterlife, st_stairs_12,
          minmay_misc_feat_ornament
D:4:      layout_loops_cross, minmay_temple_entry_poolview,
          uniq_crazy_yiuf_cottage
D:5:      layout_loops_ring, mainiacjoe_overflow_small_starburst, uniq_duvessa
D:6:      layout_loops_corners, mainiacjoe_overflow_brackets,
          mainiacjoe_overflow_divided_tiny
D:7:      layout_loops_ring, dk_noncrumbling_3, lightli_minifort
D:8:      layout_loops_ring, slow_altar_2, nicolae_overflow_two_pavilions,
          lair_entry_dummy
D:9:      layout_irregular_city, nicolae_overflow_crystal_walls, orc_david_3
D:10:     layout_rooms, serial_co_window_serial, co_window_paths_a,
          co_window_paths_a, co_window_paths_a, co_window_paths_b,
          co_window_corner_a, co_window_corner_cb, co_window_of_opportunity_b,
          co_window_unsneaky_path_e, co_window_broadway_c
D:11:     layout_basic, gauntlet_entry_generic
D:12:     layout_irregular_city
D:13:     layout_stronghold, dreamdust_wishing_well
D:14:     layout_long_grid, erik_vaults_1
D:15:     grunt_enter_depths_snipers, layout_loops_cross,
          amcnicky_mini_pool_small, minmay_misc_feat_encased, jiyva_altar_1,
          uniq_rupert
Temple:   eino_temple_water
Lair:1:   layout_misc_corridors, uniq_joseph
Lair:2:   layout_regular_city, nicolae_spider_entry_tight_spaces,
          serial_bayou_shore_a, infiniplex_staircase_pool_2,
          serial_bayou_shore_b
Lair:3:   lemuel_ratsnest, layout_regular_city, skrybe_swamp_entry_bodies,
          uniq_josephine
Lair:4:   layout_long_grid, dpeg_slime_entry_enclosed, serial_bayou,
          serial_bayou_shore_b, serial_bayou_pond_e, serial_bayou_shore_b,
          serial_bayou_pond_e, serial_bayou_pond_a,
          nicolae_lair_run_with_the_wolves, serial_bayou_shore_b,
          lemuel_fruit_fields, lemuel_fruit_tree, serial_bayou_shore_b,
          infiniplex_staircase_pool
Lair:5:   cheibrodos_lair_end_hotspot, layout_regular_city, uniq_kirke
Orc:1:    layout_caves
Orc:2:    st_orc_rangers, layout_diamond_mine, gammafunk_ghost_fury_of_okawaru
Elf:1:    minmay_elf_arrival_summoners, layout_loops_ring, serial_shops, shop,
          hangedman_elven_crosses_minicolossus, solitary_fountain
Elf:2:    elven_hall_of_blades_hangedman_alternative
          [nicolae_blade_entry_sentries_behind_glass], layout_loops_cross
Elf:3:    minmay_elf_hall_statues, layout_geoelf_octagon, serial_shops,
          statue_bzr, uniq_saint_roka, uniq_zenata
Abyss:3:  base: Depths:1, evilmike_abyss_exit_3

Skill      XL: |  1  2  3  4  5  6  7  8  9 10 11 12 13 14 15 16 17 |
---------------+----------------------------------------------------+-----
Fighting       | 3 4 5 7 8 10 11 13 15 17 18 19 | 19.6
Axes           | 7 8 9 11 13 14 16 18 | 18.0
Throwing       | 1 2 3 5 6 8 9 10 11 | 11.0
Invocations    | 1 2 4 6 9 11 | 11.0
Shields        | 6 9 11 13 14 | 14.1
Armour         | 7 9 12 | 12.7
Evocations     | 5 7 8 |  8.1
Dodging        | |  2.1

Action                   |  1- 3 |  4- 6 |  7- 9 | 10-12 | 13-15 | 16-18 || total
-------------------------+-------+-------+-------+-------+-------+-------++-------
Melee: Hand axe          |    64 |    96 |   181 |       |       |       ||   341
       Headbutt          |     4 |    18 |    44 |   103 |   224 |   123 ||   516
       Punch             |       |       |     2 |       |       |       ||     2
       Battleaxe         |       |       |   112 |   476 |    59 |       ||   647
       Broad axe         |       |       |       |       |   845 |   427 ||  1272
Throw: Boomerang         |     5 |     4 |    40 |    10 |    40 |     3 ||   102
       Dart              |       |    11 |       |    14 |     3 |       ||    28
       Javelin           |       |     4 |     1 |     7 |     3 |       ||    15
Invok: Heroism           |       |       |     2 |     9 |    11 |     4 ||    26
       Finesse           |       |       |       |       |     2 |     2 ||     4
Evoke: Condenser vane    |       |       |       |       |     2 |     2 ||     4
       Wand              |       |       |       |       |       |     3 ||     3
  Use: Scroll            |       |    10 |     3 |     8 |     4 |     7 ||    32
       Potion            |       |     1 |       |     2 |       |     6 ||     9
 Stab: Invisible         |       |       |       |     2 |       |       ||     2
       Sleeping          |       |       |       |     1 |       |       ||     1
       Confused          |       |       |       |       |    10 |       ||    10
       Distracted        |       |       |       |       |       |     1 ||     1
Armor: Scale mail        |    18 |       |       |   112 |   177 |       ||   307
       Chain mail        |    10 |    53 |   131 |    51 |    84 |    98 ||   427
Dodge: Dodged            |    24 |    36 |   126 |   174 |   175 |    41 ||   576
Block: Other             |       |       |       |    59 |     8 |       ||    67
       Reflection        |       |       |       |     5 |    20 |    30 ||    55
       Kite shield       |       |       |       |       |   466 |   226 ||   692

Table legend: (Time is in decaauts)
 A = Elapsed time spent in this place.
 B = Non-inter-level travel time spent in this place.
 C = Inter-level travel time spent in this place.
 D = Time resting spent in this place.
 E = Time spent auto-exploring this place.
 F = Levels seen in this place.
 G = Mean time per level.
                   A        B        C        D        E       F      G
               +--------+--------+--------+--------+--------+-----+--------+
         Total |  32174 |  30635 |   1539 |   2541 |  23632 |  28 | 1149.1 |
       Dungeon |  16157 |  15176 |    981 |   1059 |  12316 |  15 | 1077.1 |
        Temple |     51 |     41 |     10 |      0 |     33 |   1 |   51.0 |
          Lair |   7336 |   6993 |    343 |    623 |   5304 |   5 | 1467.2 |
  Orcish Mines |   2144 |   2024 |    120 |    133 |   1483 |   2 | 1072.0 |
   Elven Halls |   5185 |   5101 |     84 |    389 |   3896 |   3 | 1728.3 |
         Abyss |    606 |    606 |      0 |    321 |    127 |   1 |  606.0 |
      Gauntlet |    691 |    691 |      0 |     16 |    472 |   1 |  691.0 |
               +--------+--------+--------+--------+--------+-----+--------+

Top non-repeatable levels by time:
   Elf:3: 1854 daAuts
  Lair:4: 1825 daAuts
  Lair:5: 1821 daAuts
   Elf:2: 1727 daAuts
     D:7: 1683 daAuts
     D:6: 1671 daAuts
   Elf:1: 1603 daAuts
  Lair:2: 1451 daAuts
     D:5: 1306 daAuts
  Lair:3: 1303 daAuts
   Orc:2: 1293 daAuts
    D:11: 1263 daAuts
    D:13: 1219 daAuts
    D:14: 1187 daAuts
     D:3: 1182 daAuts
